 Dungeon Crawl Stone Soup version 0.19-a0-853-g1231838 (webtiles) character file.

168 AlphabetPasta the Caller (level 5, -3/29 HPs)
             Began as a Gargoyle Summoner on July 1, 2016.
             Slain by a worker ant (5 damage)
             ... on level 4 of the Dungeon.
             The game lasted 00:13:51 (2829 turns).

AlphabetPasta the Caller (Gargoyle Summoner)        Turns: 2829, Time: 00:13:51

Health: -3/29      AC:  6    Str: 11    XL:     5   Next: 49%
Magic:  9/9        EV:  7    Int: 17    God:
Gold:   168        SH:  0    Dex: 10    Spells: 3 memorised, 4 levels left

rFire  . . .     SeeInvis .     m - +0 club
rCold  . . .     Gourm    .     a - +0 robe
rNeg   + . .     Faith    .     (no shield)
rPois  ∞         Spirit   .     (no helmet)
rElec  +         Dismiss  .     (no cloak)
rCorr  .         Reflect  .     (no gloves)
SustAt .         Harm     .     (no boots)
MR     .....                    (no amulet)
Stlth  +.........               (no ring)
                                (no ring)

@: glowing, not resistant to hostile enchantments, very unstealthy
A: negative energy resistance 1, electricity resistance, unbreathing,
petrification resistance, rot immunity, AC +4
a: no special abilities


You were on level 4 of the Dungeon.
You were not hungry.

You visited 1 branch of the dungeon, and saw 4 of its levels.

You collected 168 gold pieces.

Inventory:

Hand Weapons
 m - a +0 club (weapon)
Armour
 a - a +0 robe (worn)
 v - a fire dragon hide
Jewellery
 g - an uncursed ring of protection from fire {unknown}
 i - an uncursed ring of protection from cold {unknown}
 y - an uncursed ring of resist corrosion {unknown}
Wands
 B - a wand of lightning (2/15)
Scrolls
 d - 2 scrolls of random uselessness {unknown}
 h - a scroll of enchant weapon {unknown}
 j - a scroll of magic mapping {unknown}
 n - a scroll of amnesia {unknown}
 q - a scroll of recharging {unknown}
 r - a scroll of fog {unknown}
 t - 3 scrolls of identify {unknown}
 u - a scroll of remove curse {unknown}
 x - a scroll of noise {unknown}
Potions
 e - a potion of flight {unknown}
 f - 3 potions of curing {unknown}
 k - a potion of mutation {unknown}
 l - a potion of magic {unknown}
 o - 2 potions of cure mutation {unknown}
 p - a potion of might {unknown}
 A - a potion of heal wounds {unknown}
Books
 b - a book of Callings

   Spells                             Type                      Level
   a - Summon Small Mammal            Summoning                    1
   b - Call Imp                       Summoning                    2
   c - Call Canine Familiar           Summoning                    3
   d - Summon Guardian Golem          Hexes/Summoning              3
   e - Summon Lightning Spire         Summoning/Air                4
   f - Summon Ice Beast               Ice/Summoning                4
Comestibles
 c - 2 bread rations
 s - a meat ration
 w - 3 chunks of flesh
 z - a beef jerky


   Skills:
 + Level 1.5 Fighting
 - Level 2.1 Dodging
 - Level 2.1 Stealth
 + Level 3.0 Spellcasting
 * Level 5.0 Summonings


You had 4 spell levels left.
You knew the following spells:

 Your Spells              Type           Power        Failure   Level  Hunger
a - Summon Small Mammal   Summ           ###.         2%          1    None
b - Call Imp              Summ           ###.....     3%          2    ##.....
c - Call Canine Familiar  Summ           ###.....     10%         3    ###....


Dungeon Overview and Level Annotations

Branches:
Dungeon (4/15)             Temple (0/1) D:4

Altars:

Annotations:
D:4 Ryco's ghost, weakling SpEn


Innate Abilities, Weirdness & Mutations

You are resistant to torment.
Your stone body is resilient. (AC +4)
You are immune to poison.
You resist negative energy. (rN+)
You are resistant to electric shocks. (rElec)
You can survive without breathing.
You are immune to petrification.
You are immune to rotting.


Message History

Press: ? - help, v - describe, . - travel
Here: Ryco's ghost The floor.
There is a stone staircase leading up here.
Ryco's ghost points at you and mumbles some strange words.
You are outlined in light.
Found a stone staircase leading down.
A worker ant comes into view.
The worker ant twitches its antennae in your direction.
Ryco's ghost ripples.
Ryco's ghost barely misses you. The worker ant barely misses you.
Ryco's ghost casts a spell at you. You resist with some effort.
There is a staircase to the Ecumenical Temple here.
You can't go up here!
The worker ant bites you.
* * * LOW HITPOINT WARNING * * *
The worker ant bites you.
You die...

##.## #...# .. #...# ..
#...# .# ## . #...#
##.##... .# #...#
#......#..#
#.####>..#####..###.#..#
......a@W..............#
........................
...............###......
######...#####<.....#
#...# #####..# #.#.# ..#
#...# ..# #.#.. ... ...!


You could see a worker ant and Ryco's ghost.

Vanquished Creatures
  A worker ant (D:3)
  An adder (D:2)
  An ooze (D:3)
  2 worms (D:2)
  A dart slug (D:2)
  A giant gecko (D:3)
  7 bats
  2 giant cockroaches
  8 goblins
  5 hobgoblins
  5 kobolds
  A quokka (D:3)
  A ball python (D:3)
  5 giant newts
  9 rats
50 creatures vanquished.

Vanquished Creatures (collateral kills)
  Ijyb (D:2)
  Terence (D:2)
  4 gnolls (D:2)
  4 adders
  2 worms
  An orc (D:3)
  A giant cockroach (D:1)
  4 hobgoblins
  2 jackals (D:2)
  3 kobolds
  2 bats
  A giant newt (D:1)
26 creatures vanquished.

Vanquished Creatures (others)
  An orc (D:3)
1 creature vanquished.

Grand Total: 77 creatures vanquished

Notes
Turn   | Place    | Note
-------+----------+-------------------------------------------
     0 | D:1      | AlphabetPasta the Gargoyle Summoner began the quest for the Orb.
     0 | D:1      | Reached XP level 1. HP: 10/10 MP: 3/3
   210 | D:1      | Reached XP level 2. HP: 6/15 MP: 5/5
   214 | D:1      | Learned a level 2 spell: Call Imp
   656 | D:1      | Reached skill level 4 in Summonings
  1104 | D:2      | Reached XP level 3. HP: 16/19 MP: 6/6
  1109 | D:2      | Learned a level 3 spell: Call Canine Familiar
  1376 | D:2      | Noticed Ijyb
  1386 | D:2      | Killed Ijyb
  1454 | D:2      | Reached XP level 4. HP: 21/24 MP: 3/7
  1652 | D:2      | Noticed Terence
  1662 | D:2      | Killed Terence
  1819 | D:2      | Reached XP level 5. HP: 13/28 MP: 5/9
  2501 | D:3      | Reached skill level 1 in Fighting
  2741 | D:3      | Reached skill level 5 in Summonings
  2809 | D:4      | Found a staircase to the Ecumenical Temple.
  2814 | D:4      | Noticed Ryco's ghost (weakling SpEn)
  2829 | D:4      | Slain by a worker ant

Vault maps used:
D:1:      minmay_arrival_nine_rooms
D:2:      minmay_surrounded, uniq_terence, uniq_iyjb
D:4:      lemuel_crystal_altar, nicolae_dithmenos_shadow_blocks

Skill      XL: |  1  2  3  4  5 |
---------------+----------------+-----
Summonings     | 4 5 |  5.0
Dodging        | 2 |  2.1
Spellcasting   | 3 |  3.0
Fighting       | 1 |  1.5
Stealth        | |  2.1

Action                   |  1- 3 |  4- 6 || total
-------------------------+-------+-------++-------
Melee: Unarmed           |    58 |       ||    58
       Club              |    83 |   184 ||   267
 Cast: Summon Small Mamm |     6 |       ||     6
       Call Imp          |     3 |     2 ||     5
       Call Canine Famil |     4 |     6 ||    10
 Stab: Sleeping          |     5 |     5 ||    10
       Distracted        |     1 |     1 ||     2
  Eat: Chunk             |     3 |     5 ||     8
Armor: Robe              |    55 |    75 ||   130
Dodge: Dodged            |   105 |   145 ||   250
